 Dungeon Crawl Stone Soup version 0.31-a0-968-g24f9ace8b5 (webtiles) character file.

Game seed: 12675768158262638622

2180 lunkers the Martial Artist (level 9, -10/64 HPs)
             Began as a Meteoran Shapeshifter on Oct 27, 2023.
             Was a Believer of Okawaru.
             Mangled by an orc warrior
             ... wielding a +0 war axe
              (15 damage)
             ... in a bailey.
             The game lasted 00:09:23 (3456 turns).

lunkers the Martial Artist (Meteoran Shapeshifter)  Turns: 3456, Time: 00:09:23

Health: -10/64     AC:  6    Str: 15    XL:     9   Next: 89%
Magic:  0/14       EV: 11    Int: 14    God:    Okawaru [**....]
Gold:   329        SH:  0    Dex: 17    Spells: 8/8 levels left

rFire   . .          .
                       - Unarmed
rCold   . . .        (no shield)
rNeg    . . .        j - +1 ring mail
rPois   .            (helmet currently unavailable)
rElec   .            (cloak currently unavailable)
rCorr   .            (gloves currently unavailable)
SInv    .            (boots currently unavailable)
Will    +....        l - amulet of guardian spirit
Stlth   +            (no ring)
HPRegen 0.30/turn    (no ring)
MPRegen 0.14/turn

%: guardian spirit
@: beast-form, glowing
A: beast (slay +4), sense surroundings 2, otherworldly, glowing, explore regen
a: Begin Untransformation, Renounce Religion, Heroism


You were in a bailey.
You worshipped Okawaru.
Okawaru was pleased with you.
You were a hulking beast.
You visited 2 branches of the dungeon, and saw 8 of its levels.
You also visited: Bailey.

You collected 329 gold pieces.

Inventory:

Missiles
 x - 7 boomerangs
Armour
 a - a +0 animal skin
 j - a +1 ring mail (worn)
Jewellery
 l - an amulet of guardian spirit (around neck)
 q - an amulet of faith
Talismans
 c - a beast talisman
 d - a flux talisman
 f - a maw talisman
Wands
 u - a wand of flame (15)
 w - a wand of paralysis (9)
Scrolls
 h - 2 scrolls of immolation
 i - a scroll of enchant armour
Potions
 b - 3 potions of lignification
 e - 2 potions of brilliance {unknown}
 g - 2 potions of berserk rage {unknown}
 k - 2 potions of haste {unknown}
 m - a potion of ambrosia {unknown}
 n - a potion of might {unknown}
 o - a potion of mutation {unknown}
 p - a potion of cancellation {unknown}
 r - 3 potions of curing {unknown}
 s - 2 potions of magic {unknown}
 t - a potion of degeneration {unknown}
 v - a potion of enlightenment {unknown}
 z - 2 potions of heal wounds {unknown}


   Skills:
 - Level 1.1 Fighting
 - Level 2.1 Dodging
 * Level 11.2 Unarmed Combat
 + Level 6.6 Invocations
 + Level 7.8 Shapeshifting


You had 8 spell levels left.
You didn't know any spells.
Your spell library contained the following spells:

 Spells                   Type           Power      Damage    Failure   Level
 Apportation              Tloc           0%         N/A       50%         1
 Magic Dart               Conj           0%         1d3       50%         1
 Necrotise                Necr           0%         1d4       50%         1
 Blink                    Tloc           0%         N/A       65%         2
 Ensorcelled Hibernation  Hex/Ice        0%         N/A       65%         2
 Passwall                 Tmut/Erth      0%         N/A       65%         2
 Mephitic Cloud           Conj/Pois/Air  0%         N/A       86%         3
 Swiftness                Air            0%         N/A       86%         3
 Manifold Assault         Tloc           0%         N/A       99%         4
 Summon Small Mammal      Summ           Unusable   N/A       N/A         1
 Call Imp                 Summ           Unusable   N/A       N/A         2

Dungeon Overview and Level Annotations

Branches:
Dungeon (7/15) Zot: 985    Temple (1/1) D:4 Zot: 540  Bailey (1/1) Zot: 446

Altars:
Ashenzari
Elyvilon
Fedhas
Gozag
Hepliaklqana
Kikubaaqudgha
Makhleb
Nemelex Xobeh
Okawaru
Qazlal
Ru
Sif Muna
Uskayaw
Vehumet
Wu Jian
Yredelemnul
Zin
The Shining One

Shops:
D:1 (   D:5 :

Annotations:
D:3 1 runed translucent door


Innate Abilities, Weirdness & Mutations

You are a hulking beast.
Your limbs bulge with bestial killing power. (Slay +4)
You passively map the area around you.
You are easily found by Zot.
You glow in the dark.
You regain HP and MP as you explore.


Message History

a +0 war axe; a +0 scale mail; a kobold corpse
x - 4 boomerangs (gained 1)
A kobold comes into view.
Items here: (( ) †.
You see here 3 boomerangs.
The kobold throws a boomerang.
The boomerang barely misses you.
Things that are here:
3 boomerangs; a kobold corpse; a kobold corpse
x - 7 boomerangs (gained 3)
A kobold brigand comes into view.
It is wielding a +3 war axe and quivering poisoned darts.
The kobold brigand shouts!
You see here 3 boomerangs.
An orc warrior comes into view. It is wielding a +0 war axe.
The kobold brigand throws a poisoned dart.
The poisoned dart misses you.
Things that are here:
a +0 war axe; 3 curare-tipped darts; a kobold corpse You see here 3 boomerangs.
Things that are here:
a kobold corpse; a kobold corpse
There is an open gate here.
You punch the kobold!
You kill the kobold!
You hit the orc warrior.
The orc warrior is lightly wounded.
You hit the orc warrior.
The orc warrior is lightly wounded.
The orc warrior hits you with a +0 war axe.
* * * LOW HITPOINT WARNING * * *
You punch the orc warrior!
The orc warrior is heavily wounded.
The orc warrior hits you with a +0 war axe!
* * * LOW MAGIC WARNING * * *
* * * LOW HITPOINT WARNING * * *
The kobold shouts!
You punch the orc warrior!
The orc warrior is almost dead.
The orc warrior hits you with a +0 war axe!!
* * * LOW MAGIC WARNING * * *
You die...

####### ##.....##
#...∩...#
#.......#
##..∩..## ##h''##
#oK)# #().# #.).#
* #...# ~....... *
* #~~.......~~ *
..~~.K.....~~..,,*
##~~.......~~## *


You could see an orc warrior, a kobold brigand and a kobold.

Vanquished Creatures
  A manticore (D:7)
  The ghost of Runia the Slasher, a novice GnRe (D:5)
  A steam dragon (D:7)
  A water moccasin (D:5)
  An orc warrior (Bailey)
  A black bear (D:6)
  An ogre (D:6)
  2 kobold brigands (Bailey)
  A bullfrog (D:5)
  A scorpion (D:5)
  A howler monkey (D:5)
  5 hounds
  3 orc priests
  2 jellies
  A human skeleton (D:3)
  A sleepcap (D:5)
  5 iguanas
  Ijyb (D:5)
  An orc wizard (D:3)
  4 gnolls (D:4)
  8 adders
  A shadow imp (D:6)
  4 dart slugs
  16 orcs
  3 ball pythons
  7 bats
  5 endoplasms
  3 giant cockroaches
  10 goblins
  7 hobgoblins
  4 jackals (D:3)
  12 kobolds
  3 quokkas
  2 frilled lizards
  A goblin skeleton (D:3)
  3 rats
124 creatures vanquished.

Vanquished Creatures (others)
  An orc (D:7)
1 creature vanquished.

Grand Total: 125 creatures vanquished

Notes
Turn   | Place    | Note
-------+----------+-------------------------------------------
     0 | D:1      | lunkers the Meteoran Shapeshifter began the quest for the
                  | Orb.
     0 | D:1      | Reached XP level 1. HP: 16/16 MP: 2/2
    45 | D:1      | Reached XP level 2. HP: 9/23 MP: 3/3
    46 | D:1      | Found Leutim's Weapon Boutique.
   108 | D:1      | Reached skill level 4 in Unarmed Combat
   363 | D:1      | Reached XP level 3. HP: 21/28 MP: 4/4
   503 | D:1      | Glimpsed the power of Zot.
   553 | D:1      | Glimpsed the power of Zot.
   943 | D:2      | Reached XP level 4. HP: 32/35 MP: 5/5
  1054 | D:3      | Reached skill level 5 in Unarmed Combat
  1188 | D:3      | Reached XP level 5. HP: 40/40 MP: 6/6
  1265 | D:3      | Reached skill level 6 in Unarmed Combat
  1296 | D:3      | Reached XP level 6. HP: 21/47 MP: 3/7
  1325 | D:3      | Found a runed translucent door.
  1325 | D:3      | Noticed a human
  1333 | D:3      | Reached skill level 5 in Shapeshifting
  1347 | D:3      | Found a basalt altar of Yredelemnul.
  1552 | D:4      | Found a staircase to the Ecumenical Temple.
  1560 | D:4      | Reached skill level 7 in Unarmed Combat
  1562 | Temple   | Entered the Ecumenical Temple
  1587 | Temple   | Became a worshipper of Warmaster Okawaru
  1787 | D:4      | Reached XP level 7. HP: 52/52 MP: 8/8
  2047 | D:4      | Reached skill level 1 in Invocations
  2176 | D:5      | Entered Level 5 of the Dungeon
  2235 | D:5      | Noticed a water moccasin
  2241 | D:5      | Killed a water moccasin
  2281 | D:5      | Found Askaot's Book Shop.
  2330 | D:5      | Found a runed translucent door.
  2331 | D:5      | Noticed Ijyb
  2333 | D:5      | Noticed Runia's ghost (novice GnRe)
  2339 | D:5      | Killed Ijyb
  2353 | D:5      | Killed Runia's ghost
  2353 | D:5      | Reached * piety under Okawaru
  2354 | D:5      | Reached skill level 8 in Unarmed Combat
  2354 | D:5      | Reached XP level 8. HP: 59/59 MP: 9/11
  2376 | D:5      | Reached skill level 9 in Unarmed Combat
  2763 | D:6      | Reached ** piety under Okawaru
  2768 | D:6      | Gained mutation: You passively map the area around you.
                  | [Meteoran growth]
  2768 | D:6      | Reached XP level 9. HP: 56/64 MP: 13/13
  3048 | D:6      | Reached skill level 10 in Unarmed Combat
  3048 | D:6      | Reached skill level 5 in Invocations
  3071 | D:7      | Identified the of Ymadon
  3140 | D:7      | Found a burning altar of Makhleb.
  3143 | D:7      | Noticed a manticore
  3153 | D:7      | Killed a manticore
  3228 | D:7      | Reached skill level 11 in Unarmed Combat
  3237 | D:7      | Found a flagged portal.
  3307 | Bailey   | Entered a bailey
  3456 | Bailey   | Mangled by an orc warrior

Illustrated notes

Levels and vault maps discovered:
D:1:      dreamdust_arrival_sigmund_warning, layout_loops_corners, serial_shops,
          nicolae_shop_crystal
D:2:      layout_loops_cross, chequers_serial_rivers_small_3,
          grunt_decor_arrowhead
D:3:      layout_loops_ring, dk_yredelemnul_ordeal, corexii_leaking_fountain,
          kennysheep_nondescript
D:4:      layout_layer_cave, lemuel_round_altar,
          minmay_temple_entry_proselytizer, chequers_serial_rivers_marsh
D:5:      layout_basic, serial_shops, shop, ebering_ghost_sewer_d, uniq_ijyb
D:6:      black_bear_nest_2, layout_basic
D:7:      layout_cave_pools, mainiacjoe_overflow_cross_hatched,
          mainiacjoe_overflow_six_doors_small, enter_bailey_8,
          minmay_a_box_with_orc_wizards_in_it
Temple:   regret_index_temple_sphere_string
Bailey:   bailey_axe_3, bailey

Skill      XL: |  1  2  3  4  5  6  7  8  9 |
---------------+----------------------------+-----
Unarmed Combat | 4 5 6 7 8 9 11 | 11.2
Shapeshifting  | 4 5 6 7 |  7.8
Invocations    | 3 4 6 |  6.6
Fighting       | |  1.1
Dodging        | |  2.1

Action                     |  1- 3 |  4- 6 |  7- 9 || total
---------------------------+-------+-------+-------++-------
  Melee: Unarmed           |    71 |   107 |   170 ||   348
         Punch             |     1 |     6 |    10 ||    17
 Invoke: Heroism           |       |       |     2 ||     2
    Use: Scroll            |       |       |     7 ||     7
         Potion            |       |       |     1 ||     1
 Armour: Animal skin       |    13 |       |       ||    13
         Ring mail         |    11 |    83 |   102 ||   196
         Skin              |       |       |    16 ||    16
  Dodge: Dodged            |    40 |    72 |    68 ||   180

Table legend: (Time is in decaauts)
 A = Elapsed time spent in this place.
 B = Non-inter-level travel time spent in this place.
 C = Inter-level travel time spent in this place.
 D = Time resting spent in this place.
 E = Time spent auto-exploring this place.
 F = Levels seen in this place.
 G = Mean time per level.
                   A        B        C        D        E       F      G
               +--------+--------+--------+--------+--------+-----+--------+
         Total |   3426 |   3240 |    186 |     86 |   2239 |   9 |  380.7 |
       Dungeon |   3215 |   3078 |    137 |      2 |   2239 |   7 |  459.3 |
        Temple |     59 |     10 |     49 |      0 |      0 |   1 |   59.0 |
        Bailey |    152 |    152 |      0 |     84 |      0 |   1 |  152.0 |
               +--------+--------+--------+--------+--------+-----+--------+

Top non-repeatable levels by time:
     D:1: 587 daAuts
     D:4: 561 daAuts
     D:5: 507 daAuts
     D:3: 500 daAuts
     D:2: 451 daAuts
     D:6: 376 daAuts
     D:7: 230 daAuts
  Bailey: 152 daAuts
  Temple: 59 daAuts
